 Dungeon Sprint DCSS version 0.30-a0-808-g6e0788376e (webtiles) character file.

Game seed: 5941285946865773819

3283 rocky1 the Zephyrmancer (level 10, 0/61 HPs)
             Began as a Tengu Air Elementalist on Feb 26, 2023.
             Was a High Priest of Sif Muna.
             Slain by an eight-headed hydra (12 damage)
             ... in the Dungeon (Sprint IX: "|||||||||||||||||||||||||||||").
             The game lasted 00:06:09 (1867 turns).

rocky1 the Zephyrmancer (Tengu Air Elementalist)    Turns: 1867, Time: 00:06:10

Health: 0/61       AC:  6    Str:  9    XL:     10   Next: 0%
Magic:  15/23      EV: 19    Int: 19    God:    Sif Muna [*****.]
Gold:   10         SH: 10    Dex: 15    Spells: 24/25 levels left

rFire   . . .      SeeInvis .    l - +2 morningstar (heavy)
rCold   . . .      Faith    .    h - +0 kite shield
rNeg    . . .      Spirit   .    q - +0 troll leather armour
rPois   .          Reflect  .    (helmet restricted)
rElec   .          Harm     .    (no cloak)
rCorr   .          Rampage  .    (no gloves)
Will    .....      NoTele   +    (boots unavailable)
Stlth   ++                       (no amulet)
HPRegen 1.10/turn                o - +2 ring of protection
MPRegen 0.18/turn                p - +2 ring of evasion

@: flying quickly and evasively, quick
A: beak, talons 3, nimble flight
a: Renounce Religion, Channel Magic, Forget Spell, Divine Exegesis


You were in the Dungeon.
You worshipped Sif Muna.
Sif Muna was extremely pleased with you.
You visited 1 branch You collected 10 gold pieces.

Inventory:

Hand Weapons
 f - a +0 spear
 l - a +2 heavy morningstar (weapon)
 m - a +4 quarterstaff of speed
 n - a +2 scimitar of venom
Armour
 a - a +0 robe
 h - a +0 kite shield (worn)
 q - a +0 troll leather armour (worn)
Jewellery
 o - a +2 ring of protection (left hand)
 p - a +2 ring of evasion (right hand)
Wands
 k - a wand of quicksilver (10)
Scrolls
 j - 2 scrolls of amnesia
 s - 2 scrolls of identify
 t - a scroll of fear
 u - a scroll of fog
Potions
 b - 4 potions of magic
 c - 2 potions of curing
 d - 3 potions of heal wounds
 e - a potion of brilliance
 i - a potion of might
 r - a potion of mutation


   Skills:
 + Level 6.9 Fighting
 + Level 7.6 Long Blades
 + Level 4.9 Armour
 + Level 9.2 Dodging
 - Level 4.0 Stealth
 + Level 7.0 Shields
 - Level 2.3 Unarmed Combat
 + Level 8.0 Spellcasting
 + Level 9.6 Conjurations
 + Level 13.5 Air Magic
 + Level 6.0 Invocations


You had 24 spell levels left.
You knew the following spells:

 Your Spells              Type           Power      Damage    Failure   Level
a - Shock                 Conj/Air       100%       1d9       1%          1

Your spell library contained the following spells:

 Spells                   Type           Power      Damage    Failure   Level
 Static Discharge         Conj/Air       100%       2-7/arc   1%          2
 Swiftness                Air            56%        N/A       1%          3
 Airstrike                Air            28%        2d(4-20)  1%          4
 Hailstorm                Conj/Ice       25%        3d7       14%         3
 Iskenderun's Mystic Bla  Conj/Tloc      25%        2d7       41%         4
 Animate Dead             Necr           7%         N/A       97%         4
 Orb of Destruction       Conj           22%        9d8       99%         7
 Haunt                    Necr/Summ      3%         N/A       100%        7
 Infestation              Necr           3%         N/A       100%        8
 Chain Lightning          Conj/Air       25%        3d34      100%        9


Dungeon Overview and Level Annotations

Branches:
Dungeon (1/1)

Altars:
Cheibriados
Dithmenos
Elyvilon
Fedhas
Gozag
Hepliaklqana
Kikubaaqudgha
Makhleb
Nemelex Xobeh
Okawaru
Qazlal
Ru
Sif Muna
Trog
Uskayaw
Vehumet
Wu Jian
Xom
Yredelemnul
Zin
The Shining One
Jiyva
Lugonu


Innate Abilities, Weirdness & Mutations

You have a beak for a mouth.
You have claws for feet.
Your magical nature lets you fly swiftly and evasively.


Message History

The eight-headed hydra bites you but does no damage.
The eight-headed hydra closely misses you. x4
The eight-headed hydra completely misses you.
You block the eight-headed hydra's attack.
You hit the eight-headed hydra.
You claw the eight-headed hydra, but do no damage.
The eight-headed hydra is heavily wounded.
A rime drake comes into view.
You block the eight-headed hydra's attack.
The eight-headed hydra closely misses you.
The eight-headed hydra misses you.
The eight-headed hydra closely misses you.
The eight-headed hydra bites you!
You block the eight-headed hydra's attack. x3
The eight-headed hydra misses you.
The eight-headed hydra closely misses you. x2
The eight-headed hydra bites you.
The eight-headed hydra completely misses you.
The eight-headed hydra bites you. The eight-headed hydra misses you.
The eight-headed hydra bites you.
The eight-headed hydra closely misses you.
The eight-headed hydra bites you but does no damage.
The eight-headed hydra bites you!
* * * LOW HITPOINT WARNING * * *
The eight-headed hydra completely misses you.
The eight-headed hydra barely misses you.
The eight-headed hydra closely misses you.
The eight-headed hydra completely misses you.
The eight-headed hydra bites you but does no damage.
The rime drake moves out of view.
You feel much better.
The eight-headed hydra closely misses you.
The eight-headed hydra bites you! The eight-headed hydra misses you.
The eight-headed hydra barely misses you.
You block the eight-headed hydra's attack.
The eight-headed hydra bites you!
* * * LOW HITPOINT WARNING * * *
The eight-headed hydra bites you but does no damage.
The eight-headed hydra bites you!
You die...

▓▓▓▓▓▓▓▓▓▓▓▓▓▓▓▓▓▓▓▓▓▓▓▓▓▓▓▓▓▓▓
FlFDFS'.FFlFFD@.'.÷÷.÷†.......'
▓▓▓▓▓▓▓▓▓▓▓▓▓▓▓▓▓▓▓▓▓▓▓▓▓▓▓▓▓▓▓▓▓
.................................
▓▓▓▓▓▓▓▓▓▓▓▓▓▓▓▓▓▓▓▓▓▓▓▓▓▓▓▓▓▓▓▓▓
_______________________'...)[†...
▓▓▓▓▓▓▓▓▓▓▓▓▓▓▓▓▓▓▓▓▓▓▓▓▓▓▓▓▓▓▓▓▓


You could see an eight-headed hydra, 3 cane toads, a basilisk and a blink frog.

Vanquished Creatures
  A two-headed ogre (D)
  A black mamba (D)
  A gargoyle (D)
  2 trolls (D)
  A blink frog (D)
  A slime creature (D)
  A basilisk (D)
  A vampire mosquito (D)
  2 water moccasins (D)
  3 black bears (D)
  A kobold brigand (D)
  4 bullfrogs (D)
  A necrophage (D)
  A gnoll sergeant (D)
  A killer bee (D)
  2 howler monkeys (D)
  An iguana (D)
  An orc wizard (D)
  A dart slug (D)
  An orc (D)
  A ball python (D)
  An endoplasm (D)
  A giant cockroach (D)
  2 quokkas (D)
33 creatures vanquished.

Notes
Turn   | Place    | Note
-------+----------+-------------------------------------------
     0 | D        | rocky1 the Tengu Air Elementalist began the quest for the
                  | Orb.
     0 | D        | Reached XP level 1. HP: 10/10 MP: 4/4
     7 | D        | Reached skill level 5 in Air Magic
    11 | D        | Reached XP level 2. HP: 10/15 MP: 0/6
   372 | D        | Noticed a gnoll sergeant
   372 | D        | Noticed a necrophage
   380 | D        | Killed a necrophage
   381 | D        | Reached skill level 1 in Unarmed Combat
   381 | D        | Reached skill level 8 in Air Magic
   381 | D        | Reached XP level 3. HP: 19/19 MP: 5/9
   381 | D        | Reached XP level 4. HP: 24/24 MP: 5/10
   384 | D        | Reached skill level 9 in Air Magic
   387 | D        | Killed a gnoll sergeant
   388 | D        | Reached skill level 10 in Air Magic
   388 | D        | Gained mutation: Your magical nature lets you fly swiftly
                  | and evasively. [Tengu growth]
   388 | D        | Reached XP level 5. HP: 28/28 MP: 6/12
   437 | D        | Found a snail-covered altar of Cheibriados.
   437 | D        | Found a shadowy altar of Dithmenos.
   437 | D        | Found a white marble altar of Elyvilon.
   437 | D        | Found a blossoming altar of Fedhas.
   437 | D        | Found an opulent altar of Gozag.
   438 | D        | Found a hazy altar of Hepliaklqana.
   439 | D        | Found a viscous altar of Jiyva.
   440 | D        | Found an ancient bone altar of Kikubaaqudgha.
   441 | D        | Found a corrupted altar of Lugonu.
   442 | D        | Found a burning altar of Makhleb.
   443 | D        | Found a sparkling altar of Nemelex Xobeh.
   444 | D        | Found an iron altar of Okawaru.
   445 | D        | Found a stormy altar of Qazlal.
   446 | D        | Found a sacrificial altar of Ru.
   447 | D        | Found a shimmering blue altar of Sif Muna.
   448 | D        | Found a bloodstained altar of Trog.
   449 | D        | Found a hide-covered altar of Uskayaw.
   450 | D        | Found a radiant altar of Vehumet.
   451 | D        | Found an ornate altar of the Wu Jian Council.
   452 | D        | Found a shimmering altar of Xom.
   453 | D        | Found a basalt altar of Yredelemnul.
   454 | D        | Found a glowing silver altar of Zin.
   455 | D        | Found a glowing golden altar of the Shining One.
   463 | D        | Became a worshipper of Sif Muna the Loreminder
   498 | D        | Noticed a two-headed ogre
   498 | D        | Noticed a kobold brigand
   498 | D        | Noticed a troll
   502 | D        | Reached skill level 1 in Fighting
   502 | D        | Reached skill level 1 in Long Blades
   502 | D        | Reached skill level 5 in Dodging
   502 | D        | Reached skill level 1 in Shields
   502 | D        | Reached skill level 5 in Spellcasting
   503 | D        | Reached * piety under Sif Muna
   504 | D        | Reached XP level 6. HP: 35/35 MP: 7/14
   505 | D        | Reached skill level 1 in Invocations
   510 | D        | Killed a troll
   511 | D        | Reached skill level 5 in Conjurations
   511 | D        | Reached skill level 11 in Air Magic
   511 | D        | Reached XP level 7. HP: 41/41 MP: 1/16
   520 | D        | Killed a two-headed ogre
   520 | D        | Reached ** piety under Sif Muna
   521 | D        | Reached skill level 5 in Long Blades
   521 | D        | Reached skill level 5 in Shields
   521 | D        | Reached skill level 12 in Air Magic
   521 | D        | Reached XP level 8. HP: 16/48 MP: 11/18
   998 | D        | Noticed a slime creature
   998 | D        | Noticed a troll
   998 | D        | Noticed a gargoyle
  1011 | D        | Killed a gargoyle
  1012 | D        | Reached skill level 5 in Fighting
  1012 | D        | Reached skill level 1 in Armour
  1020 | D        | Killed a troll
  1028 | D        | Killed a slime creature
  1028 | D        | Reached *** piety under Sif Muna
  1029 | D        | Reached XP level 9. HP: 55/55 MP: 20/20
  1040 | D        | Reached skill level 5 in Invocations
  1492 | D        | Noticed a black mamba
  1518 | D        | Killed a black mamba
  1518 | D        | Reached **** piety under Sif Muna
  1519 | D        | Reached skill level 13 in Air Magic
  1522 | D        | Reached ***** piety under Sif Muna
  1533 | D        | Received a gift from Sif Muna
  1540 | D        | Got Oseppuc's Compilation of the Lumpy Allies {god gift}
  1847 | D        | Noticed an eight-headed hydra
  1847 | D        | Noticed a cane toad
  1850 | D        | Noticed a cane toad
  1860 | D        | Reached XP level 10. HP: 61/61 MP: 13/23
  1864 | D        | Noticed a cane toad
  1867 | D        | Slain by an eight-headed hydra

Illustrated notes

Levels and vault maps discovered:
D:        linesprint [early_d, line_temple, items_1, d_10, items_2, lair_1,
          lair_end, items_3, orc_1, orc_end, items_4, d_15, swamp_1, shoals_1,
          snake_1, spider_1, d_20, vaults_1, items_5, swamp_end, shoals_end,
          snake_end, spider_end, vaults_end, d_27, items_6, zot_1, zot_end,
          crypt_end, forest_end, elf_end, slime_end, tomb_end, abyss_end,
          pan_hell_end]

Skill      XL: |  1  2  3  4  5  6  7  8  9 |
---------------+----------------------------+-----
Air Magic      | 5 8 10 11 12 13 | 13.5
Dodging        | 3 4 5 6 7 8 9 |  9.2
Stealth        | 3 4 |  4.0
Unarmed Combat | 1 2 |  2.3
Spellcasting   | 3 4 5 6 7 8 |  8.0
Conjurations   | 2 3 5 7 8 9 |  9.6
Fighting       | 2 3 4 5 6 |  6.9
Long Blades    | 2 4 5 6 7 |  7.6
Shields        | 2 3 5 7 |  7.0
Invocations    | 2 4 6 |  6.0
Armour         | 2 4 |  4.9

Action                     |  1- 3 |  4- 6 |  7- 9 | 10-12 || total
---------------------------+-------+-------+-------+-------++-------
  Melee: Unarmed           |     8 |     9 |       |       ||    17
         Kick              |     1 |     1 |    19 |     1 ||    22
         Peck              |     1 |     1 |    15 |     1 ||    18
         Scimitar          |       |       |    54 |       ||    54
         Morningstar       |       |       |       |     3 ||     3
   Cast: Shock             |     6 |    12 |    39 |       ||    57
    Use: Potion            |     1 |       |    10 |     2 ||    13
         Scroll            |       |       |     3 |       ||     3
   Stab: Invisible         |       |       |     4 |       ||     4
         Sleeping          |       |       |     1 |       ||     1
 Armour: Robe              |     1 |     2 |       |       ||     3
         Troll leather arm |       |       |    15 |     8 ||    23
  Dodge: Dodged            |     6 |    14 |    44 |    34 ||    98
  Block: Kite shield       |       |    10 |    33 |    13 ||    56

Table legend: (Time is in decaauts)
 A = Elapsed time spent in this place.
 B = Non-inter-level travel time spent in this place.
 C = Inter-level travel time spent in this place.
 D = Time resting spent in this place.
 E = Time spent auto-exploring this place.
 F = Levels seen in this place.
 G = Mean time per level.
                   A        B        C        D        E       F      G
               +--------+--------+--------+--------+--------+-----+--------+
         Total |   1853 |   1853 |      0 |   1455 |      0 |   1 | 1853.0 |
       Dungeon |   1853 |   1853 |      0 |   1455 |      0 |   1 | 1853.0 |
               +--------+--------+--------+--------+--------+-----+--------+

Top non-repeatable levels by time:
       D: 1853 daAuts
